Map: Triton LE

Players

MaSa

  • Race: Terran Terran
  • Spawn Location: 11:00

Neeb - Winner!

  • Race: Protoss Protoss
  • Spawn Location: 5:00

Event: Cheeseadelphia XI, Cheeseadelphia XI

VOD

Have the link to the VOD?

Description

Time

  • Played on: Dec. 15, 2019, 4:50 p.m.
  • Length: 10:04

All games in this series

Show
View Real Time Build Order
Export as new Build Order

MaSa Terran 

Build Orders:  

Get SALT Encoding   

  12  0:00  SCV  
  13  0:12  SCV  
  14  0:17  Supply Depot  
  14  0:24  SCV  
  15  0:38  SCV  
  15  0:40  Barracks  
  16  0:44  Refinery  
  16  0:50  SCV  
  17  1:02  SCV  
  18  1:15  SCV  
  19  1:27  Orbital Command, Marine  
  20  1:40  Command Center  
  20  1:44  Marine  
  21  1:54  Factory  
  21  1:57  SCV  
  22  2:03  Barracks Reactor  
  22  2:08  Supply Depot  
  22  2:11  SCV  
  23  2:19  Refinery  
  23  2:30  SCV  
  24  2:40  Starport, Marine x2  
  24  2:43  SCV  
  27  2:51  Hellion  
  29  2:53  Orbital Command  
  29  2:58  Marine x2  
  31  3:07  SCV  
  32  3:15  Factory Tech Lab  
  32  3:19  SCV, Viking  
  33  3:30  SCV  
  33  3:31  SCV  
  33  3:34  Cyclone  
  36  3:42  SCV  
  36  3:43  SCV  
  36  3:44  Marine x2  
  36  3:46  Supply Depot  
  40  3:51  Barracks  
  40  3:54  SCV  
  41  4:00  Barracks  
  41  4:02  Starport Tech Lab  
  41  4:04  Marine  
  41  4:07  SCV  
  43  4:14  SCV  
  44  4:17  Factory Tech Lab  
  44  4:19  SCV  
  44  4:21  Marine  
  44  4:22  Marine  
  47  4:26  SCV  
  47  4:29  Starport Reactor  
  48  4:33  SCV  
  45  4:40  SCV  
  43  4:46  SCV  
  43  4:51  Marine x2  
  43  4:52  Siege Tank  
  49  4:53  SCV  
  50  5:00  SCV  
  50  5:05  SCV  
  52  5:11  Marine x2  
  52  5:12  Stimpack  
  54  5:15  Engineering Bay  
  54  5:16  SCV, Marine  
  54  5:17  SCV, Supply Depot x2  
  56  5:22  Medivac  
  56  5:23  Refinery  
  56  5:28  SCV  
  56  5:29  SCV, Marine x2  
  58  5:40  SCV, Marauder  
  58  5:41  Siege Tank  
  58  5:42  SCV  
  64  5:46  Marine  
  62  5:53  SCV, Marine  
  62  5:54  Marauder  
  62  5:55  SCV  
  65  5:59  Refinery  
  65  6:02  Terran Infantry Weapons Level 1, Missile Turret  
  65  6:04  Marauder, Marine  
  67  6:07  SCV  
  67  6:08  Supply Depot  
  67  6:11  SCV  
  70  6:17  Marauder  
  70  6:19  SCV  
  70  6:23  SCV  
  70  6:25  Marine x2  
  69  6:26  Marauder  
  69  6:31  SCV  
  72  6:36  Siege Tank  
  72  6:39  Marauder  
  77  6:43  Marine  
  77  6:44  SCV, Command Center  
  77  6:46  SCV  
  80  6:54  Barracks  
  80  6:55  Marine  
  80  6:56  Barracks  
  80  6:59  Medivac  
  80  7:00  Medivac  
  85  7:02  SCV  
  86  7:13  Marine x2  
  86  7:18  Marine  
  86  7:19  SCV x2  
  86  7:20  Marine  
  86  7:30  Supply Depot  
  86  7:36  Supply Depot  
  86  7:41  Liberator  
  86  7:43  Barracks Reactor  
  86  7:44  Barracks Tech Lab  
  86  7:45  Supply Depot  
  86  7:46  Supply Depot  
  86  7:47  Combat Shield  
  86  7:48  Concussive Shells  
  86  7:51  SCV x2, Marauder, Marine x2  
  86  7:54  Liberator  
  86  7:55  Siege Tank, Supply Depot  
  97  8:06  SCV  
  97  8:07  SCV  
  97  8:12  Marine  
  101  8:13  Marauder  
  101  8:18  SCV, Supply Depot  
  101  8:19  SCV  
  104  8:27  Marauder, Marine x2  
  91  8:31  SCV  
  91  8:33  Siege Tank  
  98  8:40  Marine x2  
  100  8:46  SCV, Supply Depot  
  100  8:47  Supply Depot  
  101  8:49  Marauder, Marine  
  101  8:55  SCV  
  105  8:57  Armory  
  105  9:00  Missile Turret, Orbital Command  
  105  9:01  Liberator x2  
  105  9:03  Marauder  
  105  9:04  SCV  
  105  9:05  Marine  
  109  9:11  SCV, Supply Depot  
  109  9:12  Marine  
  109  9:16  SCV  
  118  9:26  Refinery x2  
  118  9:29  Marine  
  118  9:30  Siege Tank, Marauder  
  120  9:32  SCV  
  114  9:40  Marauder, Marine x2  
  114  9:42  Marauder, Marine  
  90  9:47  SCV  
Show
View Real Time Build Order
Export as new Build Order

Neeb Protoss - Winner!

Build Orders: 1 Gate Expand, Oracle Opening, Zealot Archon 

Get SALT Encoding   

  12  0:00  Probe  
  13  0:13  Pylon  
  13  0:16  Probe  
  14  0:31  Gateway  
  14  0:32  Probe (Chrono Boost)  
  15  0:41  Probe (Chrono Boost)  
  15  0:42  Assimilator  
  16  0:47  Probe (Chrono Boost)  
  17  0:58  Probe  
  18  1:11  Probe  
  19  1:18  Cybernetics Core  
  19  1:23  Probe  
  20  1:31  Nexus  
  20  1:39  Pylon  
  20  1:42  Probe  
  21  1:47  Assimilator  
  21  1:51  Adept (Chrono Boost)  
  23  1:57  Probe  
  24  2:02  Warp Gate  
  24  2:09  Probe  
  24  2:11  Adept (Chrono Boost)  
  27  2:22  Probe  
  28  2:33  Adept (Chrono Boost)  
  28  2:34  Probe  
  31  2:43  Probe  
  32  2:45  Stargate  
  32  2:46  Probe  
  33  2:55  Probe  
  33  2:58  Probe  
  35  2:59  Stalker  
  37  3:05  Pylon  
  37  3:07  Probe  
  37  3:10  Probe  
  39  3:19  Probe  
  40  3:22  Probe  
  41  3:31  Probe  
  40  3:34  Oracle (Chrono Boost), Probe  
  40  3:40  Gateway  
  44  3:42  Gateway  
  44  3:43  Probe  
  44  3:46  Probe  
  46  3:55  Probe  
  46  3:57  Nexus  
  46  3:58  Probe  
  48  4:05  Pylon, Oracle (Chrono Boost)  
  48  4:08  Probe  
  52  4:13  Probe  
  53  4:18  Assimilator  
  53  4:19  Pylon  
  53  4:21  Probe, Assimilator  
  54  4:28  Stalker  
  54  4:29  Probe  
  57  4:35  Oracle, Probe  
  61  4:38  Stalker  
  63  4:45  Probe  
  63  4:48  Probe  
  63  4:52  Forge  
  65  4:55  Twilight Council  
  65  4:58  Probe  
  66  5:00  Probe  
  66  5:06  Stalker  
  69  5:09  Pylon  
  69  5:10  Probe  
  69  5:11  Probe  
  69  5:13  Stalker x2  
  72  5:15  Pylon  
  72  5:17  Probe  
  73  5:25  Robotics Facility  
  73  5:26  Probe  
  74  5:29  Probe  
  74  5:30  Protoss Ground Armor Level 1 (Chrono Boost)  
  74  5:31  Probe  
  74  5:34  Stalker  
  74  5:35  Charge  
  78  5:38  Probe  
  78  5:41  Probe  
  76  5:43  Probe  
  75  5:50  Probe, Gateway  
  75  5:53  Probe, Gateway  
  75  5:55  Gateway  
  77  6:01  Probe  
  77  6:03  Pylon  
  78  6:05  Templar Archives  
  78  6:11  Sentry  
  80  6:12  Pylon  
  76  6:28  Gateway  
  76  6:29  Zealot x2  
  76  6:30  Gateway, Immortal (Chrono Boost)  
  76  6:32  Probe x3  
  87  6:33  Assimilator  
  87  6:35  Assimilator, Photon Cannon  
  87  6:39  Pylon  
  87  6:41  Pylon  
  87  6:44  Probe x2, Zealot  
  91  6:48  Zealot x2  
  91  6:49  Pylon  
  91  6:50  Probe  
  96  6:55  High Templar x2  
  96  6:58  Shield Battery  
  96  6:59  Archon  
  96  7:00  Zealot  
  102  7:06  Pylon  
  102  7:07  Immortal (Chrono Boost)  
  106  7:18  Zealot x3  
  112  7:30  Zealot x5  
  112  7:32  Protoss Ground Weapons Level 1 (Chrono Boost), Pylon  
  112  7:33  Blink (Chrono Boost)  
  112  7:34  Probe  
  123  7:39  Immortal  
  123  7:42  Psionic Storm  
  127  7:49  Nexus  
  127  7:55  Forge  
  127  7:56  Pylon  
  127  8:01  Zealot x3  
  133  8:10  High Templar x3  
  133  8:11  High Templar  
  141  8:17  Probe  
  142  8:26  Warp Prism  
  142  8:27  Probe x2  
  136  8:29  Probe  
  137  8:35  Assimilator  
  137  8:37  Assimilator  
  137  8:39  Probe, Gateway, High Templar x2  
  137  8:40  Gateway  
  142  8:41  Gateway  
  142  8:42  Gateway  
  142  8:57  Stalker, Zealot x4  
  142  8:58  Pylon  
  142  9:02  Observer  
  153  9:05  Pylon  
  153  9:11  Stalker  
  153  9:12  Stalker x2  
  157  9:34  Stalker x8  
  155  9:47  Archon  
Tags
 
Add a new tag
Caveats
  • Supply blocks, unpowered buildings, or Contaminate may cause inaccurate times.
  • Supply counts are checked every 10 seconds.